 Dungeon Crawl Stone Soup version 0.28.0-53-g5a82cb258f (webtiles) character file.

Game seed: 6751051261399819286

1704 MiltankisOP the Transmogrifier (level 8, -6/63 HPs)
             Began as a White Draconian Transmuter on June 13, 2022.
             Was an Initiate of Makhleb.
             Killed by divine providence
             ... invoked by an orc priest
              (13 damage)
             ... on level 7 of the Dungeon.
             The game lasted 00:19:32 (7536 turns).

MiltankisOP the Transmogrifier (DrTm)               Turns: 7536, Time: 00:19:36

Health: -6/63      AC:  9    Str: 12    XL:     8   Next: 73%
Magic:  0/11       EV: 12    Int: 16    God:    Makhleb [......]
Gold:   472        SH:  0    Dex: 12    Spells: 4/11 levels left

rFire   . . .      SeeInvis .   m - +1 short sword (elec)
rCold   + . .      Faith    .   (no shield)
rNeg    . . .      Spirit   +   (armour unavailable)
rPois   .          Reflect  .   (helmet currently unavailable)
rElec   .          Harm     .   f - +1 cloak
rCorr   .          Rampage  .   p - +0 pair of gloves of the Hidden Youths {Slay+2}
Will    .....                   (boots currently unavailable)
Stlth   +.........              a - amulet of guardian spirit
HPRegen 0.20/turn               (no ring)
MPRegen 0.12/turn               (no ring)

@: appendages (expiring), wereblooded
A: horns 2, talons 2, breathe frost, AC +6, unfitting armour, cold resistance 1,
cold-blooded
a: Breathe Frost, End Transformation, Renounce Religion


You were on level 7 of the Dungeon.
You worshipped Makhleb.
Makhleb was noncommittal.
You had temporarily grown beastly horns and talons.
You visited 2 branches of the dungeon, and saw 8 of its levels.
You also visited: Sewer.

You collected 472 gold pieces.

Inventory:

Hand Weapons
 m - a +1 short sword of electrocution (weapon)
Armour
 f - a +1 cloak (worn)
 p - the +0 pair of gloves of the Hidden Youths (worn) {Slay+2}
   (You found it on level 4 of the Dungeon)

   Slay:      It affects your accuracy & damage with ranged weapons and melee
   (+2).
 w - a +0 pair of boots (melded)
Jewellery
 a - an amulet of guardian spirit (around neck)
 q - a +4 ring of slaying
 y - a ring of ice
Wands
 o - a wand of flame (23)
Scrolls
 b - a scroll of magic mapping
 d - 3 scrolls of teleportation
 h - 4 scrolls of enchant weapon {unknown}
 i - 3 scrolls of identify {unknown}
 j - 3 scrolls of fog {unknown}
 k - 3 scrolls of vulnerability
 r - a scroll of noise {unknown}
 s - a scroll of torment {unknown}
 t - a scroll of silence {unknown}
 A - a scroll of fear {unknown}
Potions
 c - 2 potions of heal wounds {unknown}
 e - 5 potions of curing
 g - 2 potions of attraction {unknown}
 l - 5 potions of haste {unknown}
 n - 3 potions of degeneration {unknown}
 u - a potion of flight {unknown}
 v - a potion of cancellation {unknown}
 x - 2 potions of berserk rage {unknown}
 z - a potion of resistance {unknown}
 B - a potion of lignification {unknown}


   Skills:
 + Level 3.0 Fighting
 - Level 1.7 Dodging
 - Level 3.0 Unarmed Combat
 - Level 2.0 Spellcasting
 * Level 8.8 Transmutations
 - Level 8.0 Ice Magic


You had 4 spell levels left.
You knew the following spells:

 Your Spells              Type           Power      Damage    Failure   Level
a - Beastly Appendage     Tmut           58%        N/A       1%          1
b - Wereblood             Tmut           29%        N/A       1%          2
c - Ice Form              Ice/Tmut       28%        N/A       7%          4

Your spell library contained the following spells:

 Spells                   Type           Power      Damage    Failure   Level
 Ozocubu's Armour         Ice            27%        N/A       2%          3
 Spider Form              Tmut/Pois      15%        N/A       11%         3
 Shock                    Conj/Air       4%         1d3       21%         1
 Swiftness                Air            1%         N/A       52%         3
 Airstrike                Air            0%         N/A       90%         4
 Ozocubu's Refrigeration  Ice            13%        4d7       100%        7


Dungeon Overview and Level Annotations

Branches:
Dungeon (7/15)             Temple (1/1) D:7           Sewer (visited)

Altars:
Ashenzari
Cheibriados
Dithmenos
Elyvilon
Fedhas
Gozag
Hepliaklqana
Kikubaaqudgha
Makhleb
Nemelex Xobeh
Okawaru
Qazlal
Ru
Sif Muna
Trog
Uskayaw
Vehumet
Wu Jian
Xom
Yredelemnul
Zin
The Shining One

Shops:
D:2 (   D:4 *   D:6 =


Innate Abilities, Weirdness & Mutations

You have temporarily grown beastly horns and talons.
You can breathe waves of freezing cold which knock back foes.
Your icy white scales are hard. (AC +6)
You cannot fit into any form of body armour.
Your flesh is cold resistant. (rC+)
You are cold-blooded and may be slowed by cold attacks.


Message History

Makhleb accepts your kill. The orc hits you with a +0 mace.
You closely miss the orc. The orc priest barely misses you.
You barely miss the orc. Your kick misses the orc. You headbutt the orc!
The orc is almost dead.
The orc priest calls down the wrath of Beogh upon you.
Beogh smites you! The orc closely misses you.
You puncture the orc!
You feel a bit better.
You kill the orc!
Makhleb accepts your kill.
The orc priest hits you from afar with a +0 trident.
A gnoll comes into view. It is wielding a +0 spear. x2
The orc priest calls down the wrath of Beogh upon you.
Beogh smites you!
The orc priest mumbles some strange prayers to Beogh against you.
Beogh smites you!
* * * LOW HITPOINT WARNING * * *
You hear a shout!
You barely miss the orc priest. You claw the orc priest.
You tail-slap the orc priest.
The orc priest is heavily wounded.
The orc priest calls down the wrath of Beogh upon you.
Pain shoots through your body!
* * * LOW HITPOINT WARNING * * *
A gnoll comes into view. It is wielding a +0 flail.
The orc priest hits you but does no damage.
You completely miss the orc priest. You claw the orc priest.
You headbutt the orc priest.
You feel a bit better.
You kill the orc priest!
Makhleb accepts your kill.
The orc priest miscasts a cantrip.
The gnoll completely misses you.
Your Fighting skill increases to level 3!
It was a potion of curing.
You feel better.
Your transformation is almost over.
The gnoll hits you from afar with a +0 spear.
* * * LOW HITPOINT WARNING * * *
The orc priest invokes the aid of Beogh against you.
Beogh smites you!
You die...

..#..## ###.........
..#########........
........#........
#..#............
#.....##........
##.#.#........... #
#..#.###......... #.
##.##...###.......
#.##..##@)#........#..###
......go.##..>..##....#
......g#....(...#.....#
.........###...##...###
.......#.. ###.#...##
...g...###...#.#...#
....... #........##
....... ##.#.#.# (......
#.#. .#


You could see an orc priest and 3 gnolls.

Vanquished Creatures
  Pargi (Sewer)
  A sky beast (D:7)
  6 ogres
  A centaur (D:6)
  A bullfrog (D:7)
  2 scorpions (D:4)
  A water moccasin skeleton (D:6)
  A howler monkey (D:6)
  3 hounds
  A jelly (D:6)
  An orc priest (D:7)
  A bullfrog skeleton (D:5)
  3 iguanas (D:5)
  Crazy Yiuf (D:3)
  Terence (D:3)
  Natasha (thrice) (D:3)
  A hound skeleton (D:5)
  Robin (D:3)
  4 gnolls (D:4)
  A howler monkey skeleton (D:7)
  9 adders
  A river rat (D:3)
  A shadow imp (D:6)
  A white imp (D:5)
  3 ufetubi (D:6)
  5 worms (D:4)
  2 dart slugs
  8 orcs
  10 ball pythons
  3 bats
  3 endoplasms (D:2)
  4 giant cockroaches
  11 goblins
  10 hobgoblins
  4 jackals
  11 kobolds
  2 quokkas
  4 frilled lizards
  6 rats (D:3)
133 creatures vanquished.

Notes
Turn   | Place    | Note
-------+----------+-------------------------------------------
     0 | D:1      | MiltankisOP the Draconian Transmuter began the quest for
                  | the Orb.
     0 | D:1      | Reached XP level 1. HP: 16/16 MP: 3/3
   338 | D:1      | Reached XP level 2. HP: 23/23 MP: 5/5
   490 | D:1      | Found a faded altar of an unknown god.
  1293 | D:2      | Reached XP level 3. HP: 26/28 MP: 4/6
  1404 | D:2      | Identified the +3 whip of the Freezing Fox {antimagic, Fly}
  1487 | D:2      | Found a glowing golden altar of the Shining One.
  1571 | D:2      | Found Zoetutt's Antique Weapon Emporium.
  1902 | D:3      | Noticed Terence
  1911 | D:3      | Killed Terence
  2010 | D:3      | Reached XP level 4. HP: 31/35 MP: 7/7
  2023 | D:3      | Noticed Robin
  2042 | D:3      | Killed Robin
  2156 | D:3      | Learned a level 2 spell: Wereblood
  2345 | D:3      | Reached skill level 5 in Transmutations
  2352 | D:3      | Found a glowing drain.
  2361 | Sewer    | Entered a sewer
  2489 | Sewer    | Noticed Pargi
  2509 | Sewer    | Killed Pargi
  2510 | Sewer    | Reached XP level 5. HP: 29/40 MP: 6/8
  2645 | Sewer    | Identified the +1 robe "Jamiaff" {rElec Str+3 Archmagi}
  2845 | D:3      | Noticed Natasha
  2848 | D:3      | Killed Natasha
  2947 | D:3      | Noticed Natasha
  2956 | D:3      | Killed Natasha
  2957 | D:3      | Reached XP level 6. HP: 21/47 MP: 5/9
  3271 | D:3      | Noticed Natasha
  3282 | D:3      | Killed Natasha
  3480 | D:3      | Found a runed translucent door.
  3481 | D:3      | Noticed Crazy Yiuf
  3487 | D:3      | Paralysed by Crazy Yiuf for 6 turns
  3496 | D:3      | Killed Crazy Yiuf
  3892 | D:4      | Reached skill level 5 in Ice Magic
  4084 | D:4      | Identified the +0 pair of gloves of the Hidden Youths
                  | {Slay+2}
  4167 | D:4      | Your scales start taking on an icy white colour.
  4167 | D:4      | Reached XP level 7. HP: 36/52 MP: 5/10
  4167 | D:4      | Gained mutation: Your flesh is cold resistant. (rC+) [White
                  | Draconian growth]
  4691 | D:4      | Found Ipres's Elemental Accessories.
  4865 | D:5      | Entered Level 5 of the Dungeon
  5240 | D:5      | Reached XP level 8. HP: 55/59 MP: 9/11
  5885 | D:6      | Found Raosk's Jewellery Boutique.
  6530 | D:6      | Found a white marble altar of Elyvilon.
  6819 | D:6      | Learned a level 4 spell: Ice Form
  6908 | D:7      | Identified the +3 ring mail "Luvo Omi" {rPois rN+++ Int-2
                  | Dex+2}
  7021 | D:7      | Found a staircase to the Ecumenical Temple.
  7028 | Temple   | Entered the Ecumenical Temple
  7477 | Temple   | Became a worshipper of Makhleb the Destroyer
  7534 | D:7      | HP: 1/62 [orc priest/nerve-wracking pain (11)]
  7536 | D:7      | Killed from afar by an orc priest

Illustrated notes

Levels and vault maps discovered:
D:1:      lemuel_arrival_funnel, layout_loops_corners,
          ebering_ecumenical_altar_rust
D:2:      layout_loops_ring, basic_altar, serial_shops,
          nicolae_shop_hallway_plus, serial_bayou_pond_d,
          minmay_fractal_squares_gapless_5
D:3:      layout_loops_ring, portal_sewer_entry_b, uniq_robin, uniq_terence,
          uniq_crazy_yiuf_cottage, uniq_natasha
D:4:      layout_cave_pools, nicolae_elemental_shop, nicolae_wormholes
D:5:      layout_basic, serial_curves, eino_curves_04, eino_curves_03
D:6:      layout_loops_ring, elyvilon_altar_4, serial_shops,
          nicolae_shop_advertising_works [nicolae_subvault_shop_adworks]
D:7:      layout_rooms, minmay_temple_entry_slanted
Temple:   mainiacjoe_temple_trianglar_array

Skill      XL: |  1  2  3  4  5  6  7  8 |
---------------+-------------------------+-----
Transmutations | 3 4 5 6 8 |  8.8
Ice Magic      | 3 6 8 |  8.0
Fighting       | 3 |  3.0
Dodging        | |  1.7
Unarmed Combat | |  3.0
Spellcasting   | |  2.0

Action                   |  1- 3 |  4- 6 |  7- 9 || total
-------------------------+-------+-------+-------++-------
Melee: Unarmed           |    86 |   111 |       ||   197
       Tailslap          |     9 |    13 |    14 ||    36
       Headbutt          |     9 |    18 |    18 ||    45
       Punch             |     3 |     8 |     4 ||    15
       Kick              |    10 |    32 |    35 ||    77
       Short sword       |       |    79 |   124 ||   203
 Cast: Beastly Appendage |    20 |    24 |    23 ||    67
       Wereblood         |       |     4 |     5 ||     9
 Abil: Breathe Frost     |       |       |     1 ||     1
  Use: Scroll            |       |     3 |       ||     3
       Potion            |       |       |     1 ||     1
 Stab: Sleeping          |       |     1 |     1 ||     2
Armor: Skin              |    24 |    71 |    39 ||   134
Dodge: Dodged            |    41 |   120 |    78 ||   239
